 Dungeon Crawl Stone Soup version 0.31-a0-765-g67fe2935dc (webtiles) character file.

Game seed: 18298086051847878434

32 Perico1 the Vexing (level 3, 0/20 HPs)
             Began as a Deep Elf Hexslinger on Sept 15, 2023.
             Slain by a gnoll
             ... wielding a +0 flail
              (6 damage)
             ... on level 3 of the Dungeon.
             The game lasted 00:13:56 (899 turns).

Perico1 the Vexing (Deep Elf Hexslinger)             Turns: 899, Time: 00:13:56

Health: 0/20       AC:  6    Str:  5    XL:     3   Next: 10%
Magic:  7/7        EV:  8    Int: 17    God:
Gold:   41         SH:  8    Dex: 19    Spells: 5/5 levels left

rFire   . . .        u - +2 sling (drain)
rCold   . . .        l - +0 kite shield
rNeg    . . .        d - +0 leather armour
rPois   .            (no helmet)
rElec   .            (no cloak)
rCorr   .            (no gloves)
SInv    .            f - +2 pair of boots {rampage}
Will    .....        (no amulet)
Stlth   +            (no ring)
HPRegen 0.23/turn    (no ring)
MPRegen 0.10/turn

%: rampage
@: no status effects
A: no striking features
a: no special abilities


You were on level 3 of the Dungeon.
You visited 1 branch of the dungeon, and saw 3 of its levels.

You collected 41 gold pieces.

Inventory:

Hand Weapons
 a - a +1 sling
 i - a +0 club
 o - a +0 dagger
 p - a +0 dagger
 q - a +0 club
 r - a +0 short sword
 s - a +0 club
 u - a +2 sling of draining (weapon)
 x - a +0 club
Missiles
 g - 9 stones
 h - 6 poisoned darts
Armour
 c - a +0 robe
 d - a +0 leather armour (worn)
 e - a +0 robe
 f - a +2 pair of boots of rampaging (worn)
 j - a +0 robe
 k - a +0 buckler
 l - a +0 kite shield (worn)
 w - a +0 robe
Scrolls
 b - a scroll of poison
 m - 2 scrolls of identify {unknown}
 n - a scroll of immolation {unknown}
 t - a scroll of blinking {unknown}
Potions
 v - a potion of curing {unknown}


   Skills:
 - Level 0.7 Fighting
 + Level 3.7 Ranged Weapons
 + Level 2.9 Dodging
 + Level 0.2 Stealth
 + Level 1.5 Spellcasting
 * Level 4.6 Hexes
 + Level 1.1 Fire Magic


You had 5 spell levels left.
You didn't know any spells.
Your spell library contained the following spells:

 Spells                   Type           Power      Damage    Failure   Level
 Jinxbite                 Hex            34%        N/A       71%         2
 Sigil of Binding         Hex            17%        N/A       90%         3
 Inner Flame              Hex/Fire       11%        N/A       99%         3
 Cause Fear               Hex            8%         N/A       100%        4
 Dimensional Bullseye     Hex/Tloc       4%         N/A       100%        4


Dungeon Overview and Level Annotations

Branches:
Dungeon (3/15)

Altars:


Message History

The worm barely misses you.
You shoot a sling bullet. The sling bullet hits the worm.
The worm is heavily wounded.
The worm bites you.
You shoot a sling bullet. The sling bullet hits the worm!
The worm is almost dead.
You block the worm's attack.
You shoot a sling bullet. The sling bullet hits the worm.
You kill the worm!
You have reached level 3!
Your experience leads to an increase in your attributes!
Increase (S)trength, (I)ntelligence, or (D)exterity?
Uppercase letters only, please.
You feel agile. x2
You don't know any spells.
The dart slug attacks as it pursues you!
The dart slug barely misses you.
You shoot a sling bullet. The sling bullet hits the dart slug!
The dart slug is almost dead.
The dart slug bites you but does no damage.
You shoot a sling bullet. The sling bullet hits the dart slug.
You kill the dart slug!
You shoot a sling bullet.
The sling bullet closely misses the gnoll.
You block the gnoll's attack. The gnoll hits you with a +0 flail!
You shoot a sling bullet. The sling bullet hits the gnoll.
The gnoll is moderately wounded.
A ball python comes into view.
You block the gnoll's attack.
You shoot a sling bullet. The ball python hisses angrily.
The sling bullet hits the gnoll.
The gnoll is heavily wounded.
The gnoll hits you with a +0 flail.
* * * LOW HITPOINT WARNING * * *
You block the gnoll's attack.
You shoot a sling bullet. The sling bullet hits the gnoll.
The gnoll is heavily wounded.
The gnoll hits you with a +0 flail.
You die...

.....#######.#
#.........#
#.##.##..^#
#.##...#
#..#...####### #
##.#...##.....
#.###.#......#
#..........#.##
###.#.##..@g†S#
...#.#<...###...#
###.#.....## ...#
#.#.....# .##.#
..#.....# .# .g
..#.#.##.# .# ..
#.#.##........ .
#. ####.### #. .#


You could see a gnoll and a ball python.

Vanquished Creatures
  2 worms
  2 dart slugs
  3 ball pythons
  2 endoplasms (D:3)
  A giant cockroach (D:1)
  2 hobgoblins
  5 kobolds
  2 bats (D:1)
  2 goblins (D:1)
  A rat (D:1)
22 creatures vanquished.

Notes
Turn   | Place    | Note
-------+----------+-------------------------------------------
     0 | D:1      | Perico1 the Deep Elf Hexslinger began the quest for the
                  | Orb.
     0 | D:1      | Reached XP level 1. HP: 11/11 MP: 5/5
    12 | D:1      | Noticed an elf
    12 | D:1      | Noticed a naga
    14 | D:1      | Noticed a human
    16 | D:1      | Noticed a vampire
    16 | D:1      | Noticed an ogre
    18 | D:1      | Noticed an armataur
    18 | D:1      | Noticed a merfolk
    20 | D:1      | Noticed a gargoyle
    22 | D:1      | Noticed a demigod
    24 | D:1      | Noticed a spriggan
    24 | D:1      | Noticed a draconian
    27 | D:1      | Noticed a meteoran
    27 | D:1      | Noticed a vine stalker
    29 | D:1      | Noticed a minotaur
    29 | D:1      | Noticed a troll
    31 | D:1      | Noticed a felid
    31 | D:1      | Noticed an octopode
    33 | D:1      | Noticed a demonspawn
    33 | D:1      | Noticed a formicid
    35 | D:1      | Noticed a ghoul
    35 | D:1      | Noticed an ogre
    37 | D:1      | Noticed a gargoyle
    37 | D:1      | Noticed a minotaur
   280 | D:1      | Reached XP level 2. HP: 11/16 MP: 6/6
   893 | D:3      | Reached XP level 3. HP: 16/20 MP: 7/7
   899 | D:3      | Slain by a gnoll

Illustrated notes

Levels and vault maps discovered:
D:1:      kb_arrival_jail, layout_loops_cross
D:2:      layout_basic, nicolae_elevator_lobby_plus
D:3:      layout_loops_ring, mainiacjoe_overflow_six_doors_small,
          mainiacjoe_overflow_surrounded_room,
          mainiacjoe_overflow_concentric_impassable, minmay_vboxes

Skill      XL: |  1  2 |
---------------+-------+-----
Ranged Weapons | 3 |  3.7
Fighting       | |  0.7
Dodging        | |  2.9
Stealth        | |  0.2
Spellcasting   | |  1.5
Hexes          | |  4.6
Fire Magic     | |  1.1

Action                     || total
---------------------------++-------
   Fire: Sling             ||    70
 Armour: Leather armour    ||    45
         Robe              ||     2
  Dodge: Dodged            ||    55
  Block: Kite shield       ||    12

Table legend: (Time is in decaauts)
 A = Elapsed time spent in this place.
 B = Non-inter-level travel time spent in this place.
 C = Inter-level travel time spent in this place.
 D = Time resting spent in this place.
 E = Time spent auto-exploring this place.
 F = Levels seen in this place.
 G = Mean time per level.
                   A        B        C        D        E       F      G
               +--------+--------+--------+--------+--------+-----+--------+
         Total |    931 |    931 |      0 |    100 |      7 |   3 |  310.3 |
       Dungeon |    931 |    931 |      0 |    100 |      7 |   3 |  310.3 |
               +--------+--------+--------+--------+--------+-----+--------+

Top non-repeatable levels by time:
     D:1: 612 daAuts
     D:2: 201 daAuts
     D:3: 118 daAuts
